 Dungeon Crawl Stone Soup version 0.20-a0-309-gcba9277 (console) character file.

816 nht the Cleaver (level 7, -5/57 HPs)
             Began as a Minotaur Chaos Knight on Dec 19, 2016.
             Killed by nerve-wracking pain
             ... invoked by a shadow imp
              (8 damage)
             ... on level 6 of the Dungeon.
             The game lasted 00:03:59 (3322 turns).

nht the Cleaver (Minotaur Chaos Knight)             Turns: 3322, Time: 00:03:59

Health: -5/57      AC:  6    Str: 16 (17) XL:     7   Next: 62%
Magic:  0/6        EV: 11    Int: 12 (14) God:    Xom [*.....]
Gold:   274        SH:  0    Dex: 14 (15) Spells: 6/6 levels left

rFire  . . .     SeeInvis .     h - +1 hand axe (flame) {hydrabane}
rCold  . . .     Gourm    .     b - +2 leather armour
rNeg   . . .     Faith    .     (no shield)
rPois  .         Spirit   +     (helmet restricted)
rElec  .         Reflect  .     (no cloak)
rCorr  .         Harm     .     (no gloves)
MR     .....                    i - +0 pair of boots
Stlth  +.........               v - amulet of guardian spirit
                                (no ring)
                                D - +4 ring of dexterity

@: brilliant, very slightly contaminated, hasted, invisible, very quick
A: retaliatory headbutt, horns 2, sense surroundings 1
a: Renounce Religion


You were on level 6 of the Dungeon.
You worshipped Xom.
You were a special plaything of Xom.
You were not hungry.

You visited 1 branch of the dungeon, and saw 6 of its levels.

You collected 274 gold pieces.

Inventory:

Hand Weapons
 a - a +0 hand axe of chaos
 h - a +1 hand axe of flaming (weapon) {hydrabane}
 G - a +0 war axe
Missiles
 A - 8 tomahawks (quivered)
Armour
 b - a +2 leather armour (worn)
 i - a +0 pair of boots (worn)
Jewellery
 v - an amulet of guardian spirit (around neck)
 D - a +4 ring of dexterity (left hand)
Scrolls
 d - 2 scrolls of amnesia {unknown}
 e - 7 scrolls of remove curse {unknown}
 g - 4 scrolls of fog {unknown}
 p - 5 scrolls of identify {unknown}
 r - a scroll of enchant weapon {unknown}
 w - a scroll of magic mapping {unknown}
 x - a scroll of fear {unknown}
 y - a scroll of recharging {unknown}
 C - 2 scrolls of blinking {unknown}
 E - 2 scrolls of teleportation {unknown}
 F - a scroll of noise {unknown}
Potions
 j - a potion of brilliance
 l - 4 potions of curing
 n - 2 potions of berserk rage {unknown}
 o - 3 potions of agility {unknown}
 q - 2 potions of haste
 s - 2 potions of might {unknown}
 z - a potion of heal wounds {unknown}
 B - a potion of lignification {unknown}
 H - a potion of mutation {unknown}
Comestibles
 c - 3 bread rations
 k - 6 meat rations
 t - 2 slices of pizza
 u - 3 fruits


   Skills:
 - Level 3.6 Fighting
 + Level 10.8 Axes
 - Level 2.4 Armour
 - Level 1.1 Dodging


You had 6 spell levels left.
You didn't know any spells.

Dungeon Overview and Level Annotations

Branches:
Dungeon (6/15)             Temple (0/1) D:6

Altars:
Xom

Shops:
D:6 [


Innate Abilities, Weirdness & Mutations

You reflexively headbutt those who attack you in melee.
You have a pair of horns on your head.
You passively map a small area around you.


Message History

It was a potion of brilliance.
You feel clever all of a sudden.
Xom thinks this is hilarious!
It was a potion of curing.
You feel better.
Xom roars with laughter!
The orc warrior hits you with a flail!
* * * LOW HITPOINT WARNING * * *
The crimson imp puffs mist at you.
The crimson imp hits you but does no damage.
The crimson imp shouts, "Slither away, thou spongy elf-skinned meatloaf!"
The shadow imp barely misses you.
It was a potion of haste.
You feel yourself speed up.
Xom roars with laughter!
The shadow imp grinds its teeth.
The shadow imp gestures at you.
You struggle to resist.
The orc warrior hits you but does no damage.
The shadow imp gestures at you. Pain shoots through your body!
You die...

█.......█.., , █.█,*███.█....
████.██.█ , █.█ ..█...███
███████.██.█ , █.████.████...
........██.█. .....█.████...
........██.█. *
█.██......█..█
.........█..[██
█.█....██.█...
█████.........█
█.█.█...█.█)██
█.........██████'█.██..█.█.█
█...........@..........█.█.██
█.................█.██.█....█
█........5o5........█..█....█
██
█......).o........███.██)██.█
.█ .......(...(.....█
█.██.██.. .█
......)..........█ █.██.████
.█ .........$.......█ █^██.█
.█ ..........█████+██ █....█
.█ **..........█ ,*


██████ You could see an orc warrior, an orc priest, a crimson imp and a shadow
imp.

Vanquished Creatures
  An ogre (D:4)
  2 bullfrogs
  A crimson imp (D:3)
  2 jellies
  2 hounds (D:4)
  3 bullfrog skeletons (D:5)
  An iguana (D:6)
  Ijyb (D:3)
  Natasha (twice) (D:3)
  A worker ant (D:6)
  4 gnolls (D:4)
  A howler monkey skeleton (D:4)
  6 adders
  An adder skeleton (D:5)
  3 worms
  A dart slug (D:2)
  3 leopard geckos
  5 orcs
  2 ball pythons (D:3)
  3 giant cockroaches
  6 goblins
  8 hobgoblins
  4 jackals
  11 kobolds
  A quokka (D:3)
  6 bats
  5 frilled lizards
  8 rats
94 creatures vanquished.

Vanquished Creatures (collateral kills)
  An ogre (D:6)
1 creature vanquished.

Vanquished Creatures (others)
  5 toadstools (D:1)
5 creatures vanquished.

Grand Total: 100 creatures vanquished

Notes
Turn   | Place    | Note
-------+----------+-------------------------------------------
     0 | D:1      | nht the Minotaur Chaos Knight began the quest for the Orb.
     0 | D:1      | Reached XP level 1. HP: 19/19 MP: 0/0
    16 | D:1      | XOM: divination: magic mapping
    37 | D:1      | Reached skill level 4 in Axes
   194 | D:1      | Reached XP level 2. HP: 17/26 MP: 1/1
   343 | D:1      | XOM: cloud trail
   363 | D:1      | Reached skill level 5 in Axes
   500 | D:2      | Reached XP level 3. HP: 28/31 MP: 2/2
   839 | D:2      | XOM: cloud trail
   897 | D:2      | XOM is BORED!
   897 | D:2      | XOM: harmless Erth miscast
  1042 | D:3      | XOM: silly message
  1059 | D:3      | XOM: divination: magic mapping
  1128 | D:3      | Reached XP level 4. HP: 34/39 MP: 3/3
  1153 | D:3      | Reached skill level 6 in Axes
  1300 | D:3      | Noticed Natasha
  1301 | D:3      | XOM: harmless Tloc miscast
  1305 | D:3      | Killed Natasha
  1340 | D:3      | Noticed Ijyb
  1348 | D:3      | Killed Ijyb
  1348 | D:3      | Reached skill level 7 in Axes
  1348 | D:3      | Reached XP level 5. HP: 39/45 MP: 4/4
  1499 | D:3      | Noticed Natasha
  1505 | D:3      | Killed Natasha
  1582 | D:3      | XOM: harmless Hex miscast
  1594 | D:3      | XOM: silly message
  1631 | D:4      | XOM: medium Tmut miscast
  1788 | D:4      | Reached skill level 8 in Axes
  1799 | D:4      | Reached XP level 6. HP: 29/51 MP: 3/5
  2067 | D:4      | Reached skill level 9 in Axes
  2083 | D:4      | XOM: noise
  2259 | D:5      | Entered Level 5 of the Dungeon
  2305 | D:5      | Reached XP level 7. HP: 48/57 MP: 4/6
  2445 | D:5      | Found a shimmering altar of Xom.
  2458 | D:5      | XOM is BORED!
  2458 | D:5      | XOM: mild Ice miscast
  2577 | D:5      | Reached skill level 10 in Axes
  3001 | D:6      | XOM: confuse monster(s)
  3067 | D:6      | XOM: give mutation
  3067 | D:6      | Gained mutation: You passively map a small area around you. [Xom's mischief]
  3078 | D:6      | Found a staircase to the Ecumenical Temple.
  3221 | D:6      | Found Syedgheux's Antique Armour Shoppe.
  3301 | D:6      | XOM: enchant monster (good)
  3322 | D:6      | Killed from afar by a shadow imp

Vault maps used:
D:1:      ldierk_walled_garden, minmay_misc_feat_iff, minmay_bisected
D:3:      uniq_natasha, uniq_iyjb
D:5:      lemuel_round_altar, first_bread, minmay_misc_feat_four_crosses,
          serial_bayou_ford_a
D:6:      serial_shops, kennysheep_mini_moat, minmay_lizard_king

Skill      XL: |  1  2  3  4  5  6  7 |
---------------+----------------------+-----
Axes           | 4 5 7 8 9 10 | 10.8
Fighting       | |  3.6
Armour         | |  2.4
Dodging        | |  1.1

Action                   |  1- 3 |  4- 6 |  7- 9 || total
-------------------------+-------+-------+-------++-------
Melee: Hand axe          |   101 |   116 |    45 ||   262
       Headbutt          |     9 |    15 |    15 ||    39
  Use: Potion            |       |       |     5 ||     5
 Stab: Invisible         |       |       |     5 ||     5
       Confused          |       |       |     2 ||     2
  Eat: Chunk             |     1 |     3 |     4 ||     8
Armor: Leather armour    |    34 |    34 |    11 ||    79
Dodge: Dodged            |    54 |    73 |    22 ||   149
